 Seeded DCSS version 0.27-a0-1287-gca74d27db6 (webtiles) character file.

Game seed: 31141622101141340 (custom seed)

170 flotson the Skirmisher (level 5, -2/43 HPs)
             Began as a Demonspawn Fighter on June 14, 2021.
             Slain by Sigmund (8 damage)
             ... on level 2 of the Dungeon.
             The game lasted 00:05:21 (3779 turns).

flotson the Skirmisher (Demonspawn Fighter)         Turns: 3779, Time: 00:05:21

Health: -2/43      AC: 11    Str: 17    XL:     5   Next: 26%
Magic:  5/5        EV:  7    Int: 10    God:
Gold:   105        SH:  0    Dex: 12    Spells: 4/4 levels left

rFire    . . .     SeeInvis .   a - +0 war axe
rCold    . . .     Faith    .   c - +0 kite shield
rNeg     . . .     Spirit   .   e - +0 scale mail
rPois    .         Reflect  .   (helmet restricted)
rElec    .         Harm     .   (no cloak)
rCorr    .         Rampage  .   (no gloves)
Will     .....                  (no boots)
Stlth    ..........             (no amulet)
HPRegen  0.14/turn              s - +4 ring of protection
MPRegen  0.09/turn              (no ring)

@: confused
A: antennae 1, rugged brown scales 1, condensation shield, demonic magic 1
a: no special abilities


You were on level 2 of the Dungeon.
You visited 1 branch of the dungeon, and saw 3 of its levels.

You collected 105 gold pieces.

Inventory:

Hand Weapons
 a - a +0 war axe (weapon)
 b - a +0 hunting sling
Missiles
 g - 6 poisoned darts (quivered)
 h - 5 boomerangs
 l - 48 sling bullets
Armour
 c - a +0 kite shield (worn)
 e - a +0 scale mail (worn)
Jewellery
 s - a +4 ring of protection (left hand)
Wands
 r - a wand of charming (13)
Scrolls
 i - 3 scrolls of identify {unknown}
 k - a scroll of teleportation {unknown}
 p - a scroll of magic mapping {unknown}
 t - a scroll of enchant armour {unknown}
Potions
 d - 3 potions of might
 f - a potion of mutation {unknown}
 j - a potion of haste {unknown}
 m - a potion of flight {unknown}
 n - a potion of ambrosia {unknown}
 o - a potion of invisibility {unknown}
 q - a potion of curing


   Skills:
 + Level 3.7 Fighting
 + Level 2.5 Axes
 + Level 1.5 Throwing
 + Level 3.2 Armour
 + Level 1.6 Dodging
 + Level 3.3 Shields
 + Level 0.0 Evocations


You had 4 spell levels left.
You didn't know any spells.
Your spell library contained the following spells:

 Spells                   Type           Power      Damage    Failure   Level
 Confusing Touch          Hex            0%         N/A       100%        3
 Gell's Gravitas          Tloc           0%         N/A       100%        3
 Petrify                  Tmut/Erth      0%         N/A       100%        4
 Metabolic Englaciation   Hex/Ice        0%         N/A       100%        5
 Yara's Violent Unravell  Hex/Tmut       0%         3d3       100%        5


Dungeon Overview and Level Annotations

Branches:
Dungeon (3/15)

Altars:
Hepliaklqana
Xom

Annotations:
D:2 Sigmund


Innate Abilities, Weirdness & Mutations

You have a pair of small antennae on your head.
You are partially covered in rugged brown scales. (AC +1, +3% HP)
A meltable shield of frost defends you. (SH +0)
Spells you cast may paralyse adjacent enemies.


Message History

Something hits you but does no damage.
You bump into the rock wall.
Something hits you!
You bump into the rock wall.
Something hits you.
You bump into the rock wall.
You feel less confused. Something hits you.
You barely miss something. Something hits you! Something hits you.
* * * LOW HITPOINT WARNING * * *
Sigmund appears from thin air!
Reactivating autopickup.
You block Sigmund's attack.
Aiming: Charm
Press: ? - help, Shift-Dir - straight line, f/p - Sigmund
Aim: Sigmund, wielding a +0 scythe and wearing a +0 robe (heavily wounded, chance to affect: 54%)
Okay, then.
Unknown command.
Unknown command.
Unknown command.
Sigmund casts a spell at you.
The magic dart hits you but does no damage.
Sigmund mumbles some strange words.
Sigmund flickers and vanishes!
Deactivating autopickup; reactivate with Ctrl-A.
A puff of flame appears from out of thin air!
The puff of flame misses you.
A puff of flame appears from out of thin air!
The puff of flame hits you but does no damage.
Your condensation shield dissipates!
You are confused.
You're too confused to move!
You bump into the rock wall.
You feel less confused. Something hits you but does no damage.
You hear some strange, mumbled words.
You are confused.
Something hits you.
* * * LOW HITPOINT WARNING * * *
Something hits you!
You die...

.####.# #.#..# ......#
#P#..# .###### # ##.#
.# #.# .# #.# .# #.#
.# #.#
.###################.#
................@{...#
####################.#
###


There were no monsters in sight!

Vanquished Creatures
  Natasha (thrice) (D:2)
  3 adders (D:3)
  2 worms
  A dart slug (D:3)
  3 orcs (D:3)
  5 endoplasms
  2 giant cockroaches
  4 goblins
  9 hobgoblins
  6 jackals (D:2)
  A kobold (D:3)
  3 ball pythons (D:1)
  6 bats
  3 frilled lizards
  4 rats
55 creatures vanquished.

Vanquished Creatures (others)
  4 toadstools (D:1)
4 creatures vanquished.

Grand Total: 59 creatures vanquished

Notes
Turn   | Place    | Note
-------+----------+-------------------------------------------
     0 | D:1      | flotson the Demonspawn Fighter began the quest for the Orb.
     0 | D:1      | Reached XP level 1. HP: 18/18 MP: 1/1
   261 | D:1      | Gained mutation: You are partially covered in rugged brown
                  | scales. (AC +1, +3% HP) [demonic ancestry]
   261 | D:1      | Reached XP level 2. HP: 18/24 MP: 2/2
   938 | D:2      | Noticed Natasha
   949 | D:2      | Noticed a crimson imp
   950 | D:2      | Killed Natasha
   951 | D:2      | Reached skill level 1 in Dodging
   951 | D:2      | Gained mutation: A meltable shield of frost defends you.
                  | (SH +0) [demonic ancestry]
   951 | D:2      | Reached XP level 3. HP: 29/29 MP: 3/3
   997 | D:2      | Reached skill level 1 in Throwing
  1348 | D:2      | Gained mutation: You have a pair of small antennae on your
                  | head. [demonic ancestry]
  1348 | D:2      | Reached XP level 4. HP: 31/36 MP: 4/4
  1676 | D:2      | Noticed Sigmund
  1898 | D:2      | Noticed Natasha
  1908 | D:2      | Killed Natasha
  2214 | D:2      | Noticed Natasha
  2237 | D:2      | Killed Natasha
  2788 | D:3      | Gained mutation: Spells you cast may paralyse adjacent
                  | enemies. [demonic ancestry]
  2788 | D:3      | Reached XP level 5. HP: 25/42 MP: 5/5
  2985 | D:3      | Found a shimmering altar of Xom.
  2986 | D:3      | Found a hazy altar of Hepliaklqana.
  2987 | D:3      | Noticed a spectral ugly thing
  3779 | D:2      | Slain by Sigmund

Illustrated notes

Levels and vault maps discovered:
D:1:      ldierk_walled_garden_2, layout_loops_ring
D:2:      layout_basic, serial_aquarium, aquarium_bridge_square
          [aquarium_subvault_bridge, aquarium_subvault_window,
          aquarium_subvault_bridge, aquarium_subvault_bridge],
          aquarium_bridge_straight [aquarium_subvault_bridge,
          aquarium_subvault_wall, aquarium_subvault_bridge,
          aquarium_subvault_balcony], aquarium_window_fake, aquarium_window_2,
          aquarium_view_2e, uniq_natasha, uniq_sigmund
D:3:      layout_basic, regret_index_temple_of_mockery, serial_curves,
          eino_curves_02, eino_curves_04, eino_curves_01

Skill      XL: |  1  2  3 |
---------------+----------+-----
Axes           | 2 |  2.5
Dodging        | 1 |  1.6
Shields        | 3 |  3.3
Throwing       | 1 |  1.5
Armour         | 3 |  3.2
Fighting       | |  3.7

Action                   |  1- 3 |  4- 6 || total
-------------------------+-------+-------++-------
Melee: War axe           |   116 |   101 ||   217
 Fire: Hunting sling     |     3 |       ||     3
Throw: Dart              |       |     6 ||     6
Armor: Scale mail        |    63 |    56 ||   119
Dodge: Dodged            |    38 |    34 ||    72
Block: Kite shield       |    84 |    95 ||   179

Table legend: (Time is in decaauts)
 A = Elapsed time spent in this place.
 B = Non-inter-level travel time spent in this place.
 C = Inter-level travel time spent in this place.
 D = Time resting spent in this place.
 E = Time spent auto-exploring this place.
 F = Levels seen in this place.
 G = Mean time per level.
                   A        B        C        D        E       F      G
               +--------+--------+--------+--------+--------+-----+--------+
         Total |   3923 |   3790 |    133 |    330 |   2780 |   3 | 1307.7 |
       Dungeon |   3923 |   3790 |    133 |    330 |   2780 |   3 | 1307.7 |
               +--------+--------+--------+--------+--------+-----+--------+

Top non-repeatable levels by time:
     D:2: 1734 daAuts
     D:1: 1287 daAuts
     D:3: 900 daAuts
